 Dungeon Crawl Stone Soup version 0.31-a0-152-g6aa68a64a1 (webtiles) character file.

Game seed: 3599143712176090725

76 qw the Shooter (level 4, -2/38 HPs)
             Began as a Minotaur Hunter on June 10, 2023.
             Slain by a gnoll
             ... wielding a +0 halberd
              (10 damage)
             ... on level 3 of the Dungeon.
             The game lasted 00:00:30 (1317 turns).

qw the Shooter (Minotaur Hunter)                    Turns: 1317, Time: 00:00:30

Health: -2/38      AC:  5    Str: 16    XL:     4   Next: 12%
Magic:  3/3        EV: 11    Int:  6    God:
Gold:   67         SH:  0    Dex: 15    Spells: 3/3 levels left

rFire   . . .        Y - +0 shortbow
rCold   . . .        (shield currently unavailable)
rNeg    . . .        g - +0 ring mail
rPois   .            (helmet restricted)
rElec   .            (no cloak)
rCorr   .            (no gloves)
SInv    .            (no boots)
Will    .....        (no amulet)
Stlth   +            (no ring)
HPRegen 0.26/turn    (no ring)
MPRegen 0.08/turn

%: no passive effects
@: no status effects
A: horns 2, retaliatory headbutt
a: no special abilities


You were on level 3 of the Dungeon.
You visited 1 branch of the dungeon, and saw 3 of its levels.

You collected 67 gold pieces.


Innate Abilities, Weirdness & Mutations

You have a pair of horns on your head.
You reflexively headbutt those who attack you in melee.


   Skills:
 - Level 3.0 Fighting
 + Level 5.9 Ranged Weapons
 - Level 1.0 Armour
 - Level 2.1 Dodging
 - Level 0.7 Stealth


You had 3 spell levels left.
You didn't know any spells.
Your spell library was empty.

Inventory:

Hand Weapons
 Y - a +0 shortbow (weapon)
Armour
 g - a +0 ring mail (worn)
Potions
 c - a potion of cancellation {unknown}
 e - 2 potions of haste

Dungeon Overview and Level Annotations

Branches:
Dungeon (3/15)

Altars:


Message History

The gnoll hits you from afar with a +0 halberd.
An adder comes into view.
You shoot an arrow. The arrow hits the gnoll!
You kill the gnoll!
The gnoll barely misses you. The gnoll hits you with a +0 whip.
The gnoll hits you from afar with a +0 halberd.
You shoot an arrow. The arrow barely misses the gnoll.
The adder bites you. The gnoll hits you with a +0 whip.
The gnoll barely misses you.
You shoot an arrow. The arrow hits the gnoll.
The gnoll is heavily wounded.
The adder closely misses you. The gnoll closely misses you.
The gnoll barely misses you. The adder bites you but does no damage.
You shoot an arrow. The arrow barely misses the gnoll.
The adder bites you but does no damage. The gnoll closely misses you.
The gnoll misses you.
You shoot an arrow. The arrow hits the gnoll.
The gnoll is heavily wounded.
The adder misses you. The gnoll barely misses you. x2
The adder barely misses you.
You shoot an arrow. The arrow closely misses the gnoll.
The gnoll closely misses you. The gnoll completely misses you.
The adder closely misses you. The gnoll closely misses you.
The gnoll barely misses you. You furiously retaliate!
You headbutt the gnoll. You shoot an arrow. The arrow hits the gnoll!
You kill the gnoll!
The adder misses you. The adder closely misses you. You furiously retaliate!
You headbutt the adder!
You kill the adder!
The gnoll hits you from afar with a +0 halberd.
You have reached level 4!
You feel stronger.
You shoot an arrow. The arrow closely misses the gnoll.
The gnoll barely misses you.
You shoot an arrow. The arrow barely misses the gnoll.
The gnoll closely misses you.
A dart slug comes into view.
You shoot an arrow.
The arrow hits the gnoll but does no damage.
The gnoll hits you from afar with a +0 halberd!
You die...

## .## .. .#
########.#.#.##
#......@)......
#####.######)#w#.#.
#<....# g# #.#####
g. ######.##### .#.
...........# .###
####...###.# .#
####.#####.# ..
............


You could see 2 gnolls and a dart slug.

Vanquished Creatures
  2 gnolls (D:3)
  An adder (D:3)
  2 dart slugs (D:1)
  3 ball pythons
  3 bats
  5 endoplasms
  2 goblins (D:1)
  4 hobgoblins
  4 jackals (D:1)
  4 quokkas
  2 frilled lizards
  3 kobolds
  5 rats
40 creatures vanquished.

Notes
Turn   | Place    | Note
-------+----------+-------------------------------------------
     0 | D:1      | qw the Minotaur Hunter began the quest for the Orb.
     0 | D:1      | Reached XP level 1. HP: 18/18 MP: 0/0
     0 | D:1      | 0 ||| qw: Version: 0.2-a-122-gbc61b45
     0 | D:1      | 0 ||| qw: Game counter: 3497
     0 | D:1      | 0 ||| qw: Always use a shield: true
     0 | D:1      | 0 ||| qw: God list: Okawaru
     0 | D:1      | 0 ||| qw: Allow faded altars: false
     0 | D:1      | 0 ||| qw: Do Orc after D:15 true
     0 | D:1      | 0 ||| qw: Do second Lair branch before Depths: true
     0 | D:1      | 0 ||| qw: Lair rune preference: random
     0 | D:1      | 0 ||| qw: Plans: Normal
     0 | D:1      | 0 ||| PLANNING D:1-11
   140 | D:1      | Reached XP level 2. HP: 8/25 MP: 1/1
   323 | D:1      | Reached skill level 5 in Ranged Weapons
   400 | D:1      | Reached skill level 3 in Fighting
   428 | D:1      | Reached XP level 3. HP: 31/31 MP: 2/2
   561 | D:1      | 561 ||| UPGRADING to +0 ring mail.
   571 | D:1      | 571 ||| DROPPING +0 leather armour.
   572 | D:1      | 572 ||| READING scroll labelled OMNIEW UVOTH.
   573 | D:1      | 573 ||| READING scroll labelled OVIR JIAHI.
   674 | D:1      | 674 ||| DRINKING 2 inky potions.
   675 | D:1      | 675 ||| DROPPING scroll of butterflies.
   972 | D:2      | Reached skill level 1 in Armour
  1015 | D:2      | Found a faded altar of an unknown god.
  1239 | D:2      | 1239 ||| DROPPING ring of flight.
  1240 | D:2      | 1240 ||| READING 2 scrolls labelled BAYWEQ WAREPO.
  1241 | D:2      | 1241 ||| DROPPING scroll of immolation.
  1309 | D:3      | HP: 6/31 [gnoll/+0 whip (6)]
  1314 | D:3      | HP: 6/31 [gnoll/+0 halberd (2)]
  1315 | D:3      | Reached XP level 4. HP: 7/38 MP: 3/3
  1317 | D:3      | Slain by a gnoll

Levels and vault maps discovered:
D:1:      giann_wishing_wells, layout_rooms
D:2:      layout_basic, shapermc_ecumenical_altar_flowoftime,
          guppyfry_early_lair_pool
D:3:      cheibrodos_old_hovel, layout_loops_ring, st_stairs_1

Skill      XL: |  1  2  3 |
---------------+----------+-----
Ranged Weapons | 5 |  5.9
Fighting       | 3 |  3.0
Armour         | 1 |  1.0
Dodging        | |  2.1
Stealth        | |  0.7

Action                     |  1- 3 |  4- 6 || total
---------------------------+-------+-------++-------
   Fire: Shortbow          |   109 |     3 ||   112
    Use: Scroll            |     3 |       ||     3
         Potion            |     1 |       ||     1
 Armour: Leather armour    |     7 |       ||     7
         Ring mail         |    10 |       ||    10
  Dodge: Dodged            |    44 |     2 ||    46

Table legend:
 A = Non-vault XP
 B = Vault XP
 C = Vault XP percentage of total XP
 D = Non-vault monster count
 E = Vault monster count
 F = Vault count percentage of total count
                 A         B        C        D         E       F
            +---------+---------+-------+---------+---------+-------
      Total |     109 |       0 |   0.0 |      40 |       0 |   0.0
            +---------+---------+-------+---------+---------+-------
        D:1 |      46 |       0 |   0.0 |      24 |       0 |   0.0
        D:2 |      21 |       0 |   0.0 |      13 |       0 |   0.0
        D:3 |      42 |       0 |   0.0 |       3 |       0 |   0.0
            +---------+---------+-------+---------+---------+-------
